 Dungeon Sprint DCSS version 0.30.1-9-gdf580d7c3d (webtiles) character file.

Game seed: 3404161214327782143

191 Heoruswealwe the Spear-Bearer (level 5, -1/53 HPs)
             Began as a Minotaur Fighter on Oct 14, 2023.
             Slain by a wraith (10 damage)
             ... in the Dungeon (Sprint IX: "|||||||||||||||||||||||||||||").
             The game lasted 00:01:20 (108 turns).

Heoruswealwe the Spear-Bearer (Minotaur Fighter)     Turns: 108, Time: 00:01:20

Health: -1/53      AC:  8    Str: 22    XL:     5   Next: 41%
Magic:  4/4        EV:  9    Int:  5    God:
Gold:   0          SH:  4    Dex: 10    Spells: 4/4 levels left

rFire   . . .        a - +0 trident
rCold   . . .        d - +0 buckler
rNeg    . . .        c - +0 scale mail
rPois   .            (helmet restricted)
rElec   .            (no cloak)
rCorr   .            (no gloves)
SInv    .            (no boots)
Will    .....        (no amulet) Stlth
                     (no ring)
HPRegen 0.28/turn    (no ring)
MPRegen 0.09/turn

%: no teleportation
@: slowed, very slow
A: horns 2, retaliatory headbutt
a: no special abilities


You were in the Dungeon.
You visited 1 branch

Inventory:

Hand Weapons
 a - a +0 trident (weapon)
Armour
 c - a +0 scale mail (worn)
 d - a +0 buckler (worn)
Jewellery
 m - a +2 ring of protection
 n - a +3 ring of intelligence
Wands
 l - a wand of light (10)
Scrolls
 j - 2 scrolls of blinking
 k - 2 scrolls of amnesia
Potions
 b - a potion of might
 e - 5 potions of curing
 f - a potion of invisibility
 g - a potion of haste
 h - 2 potions of heal wounds
 i - a potion of berserk rage


   Skills:
 + Level 7.6 Fighting
 * Level 9.8 Polearms
 + Level 7.6 Armour
 - Level 3.6 Shields


You had 4 spell levels left.
You didn't know any spells.
Your spell library was empty.

Dungeon Overview and Level Annotations

Branches:
Dungeon (1/1)

Altars:
Cheibriados
Dithmenos
Elyvilon
Fedhas
Gozag
Hepliaklqana
Kikubaaqudgha
Makhleb
Nemelex Xobeh
Okawaru
Qazlal
Ru
Sif Muna
Trog
Uskayaw
Vehumet
Wu Jian
Xom
Yredelemnul
Zin
The Shining One
Jiyva
Lugonu


Innate Abilities, Weirdness & Mutations

You have a pair of horns on your head.
You reflexively headbutt those who attack you in melee.


Message History

Found a glowing silver altar of Zin.
There is a shimmering blue altar of Sif Muna here.
Found a glowing golden altar of the Shining One.
There is a bloodstained altar of Trog here.
There is a hide-covered altar of Uskayaw here.
There is a radiant altar of Vehumet here.
There is an ornate altar of the Wu Jian Council here.
There is a shimmering altar of Xom here.
There is a basalt altar of Yredelemnul here.
There is a glowing silver altar of Zin here.
There is a glowing golden altar of the Shining One here.
You open the door.
Found five items.
Found a +1 chain mail.
There is an open door here.
Found a +2 ring of protection.
f - a potion of invisibility;
h - 2 potions of heal wounds
e - 5 potions of curing (gained 4)
You see here 2 potions of magic.
Found a +3 ring of intelligence.
k - 2 scrolls of amnesia;
j - 2 scrolls of blinking (gained 1)
l - a wand of light (10)
Items here: )))))).
Okay, then.
You see here a +0 pair of gloves.
You see here a +0 cloak.
You see here a +1 chain mail.
m - a +2 ring of protection
n - a +3 ring of intelligence You open the door.
A vampire mosquito, a centaur, 2 wraiths and 2 trolls come into view.
The centaur shouts!
The troll shouts!
You hit the wraith but do no damage.
You headbutt the wraith, but do no damage.
The wraith hits you.
* * * LOW HITPOINT WARNING * * *
The wraith drains your vigour!
You feel yourself slow down.
You barely miss the wraith. Your headbutt misses the wraith.
The wraith hits you!
You die...

▓!▓
▓.▓
▓)▓
▓.▓
▓[▓
▓[▓
▓[▓
▓.▓
▓@▓
▓W▓
▓y▓
▓c▓
▓W▓
▓.▓
▓T▓
▓T▓


You could see 2 trolls, 2 wraiths, a vampire mosquito and a centaur.

Vanquished Creatures
  An ogre (D)
  A scorpion (D)
  A gnoll bouda (D)
  An adder (D)
  An orc (D)
  2 endoplasms (D)
  2 ball pythons (D)
  A frilled lizard (D)
10 creatures vanquished.

Notes
Turn   | Place    | Note
-------+----------+-------------------------------------------
     0 | D        | Heoruswealwe the Minotaur Fighter began the quest for the
                  | Orb.
     0 | D        | Reached XP level 1. HP: 19/19 MP: 0/0
     8 | D        | Reached skill level 3 in Polearms
    35 | D        | Noticed a gnoll bouda
    35 | D        | Noticed an ogre
    35 | D        | Noticed a scorpion
    40 | D        | Reached skill level 4 in Polearms
    47 | D        | Killed a gnoll bouda
    48 | D        | Reached skill level 5 in Fighting
    48 | D        | Reached skill level 5 in Polearms
    48 | D        | Reached skill level 5 in Armour
    48 | D        | Reached XP level 2. HP: 15/29 MP: 1/1
    48 | D        | Reached XP level 3. HP: 18/36 MP: 2/2
    51 | D        | Killed an ogre
    52 | D        | Reached skill level 8 in Polearms
    52 | D        | Reached XP level 4. HP: 19/45 MP: 3/3
    56 | D        | Killed a scorpion
    57 | D        | Reached skill level 9 in Polearms
    57 | D        | Reached XP level 5. HP: 11/52 MP: 4/4
    64 | D        | Found a snail-covered altar of Cheibriados.
    64 | D        | Found a shadowy altar of Dithmenos.
    64 | D        | Found a white marble altar of Elyvilon.
    64 | D        | Found a blossoming altar of Fedhas.
    64 | D        | Found an opulent altar of Gozag.
    65 | D        | Found a hazy altar of Hepliaklqana.
    65 | D        | HP: 2/53 [poisoned by a scorpion]
    66 | D        | Found a viscous altar of Jiyva.
    67 | D        | Found an ancient bone altar of Kikubaaqudgha.
    68 | D        | Found a corrupted altar of Lugonu.
    69 | D        | Found a burning altar of Makhleb.
    70 | D        | Found a sparkling altar of Nemelex Xobeh.
    71 | D        | Found an iron altar of Okawaru.
    72 | D        | Found a stormy altar of Qazlal.
    73 | D        | Found a sacrificial altar of Ru.
    74 | D        | Found a shimmering blue altar of Sif Muna.
    75 | D        | Found a bloodstained altar of Trog.
    76 | D        | Found a hide-covered altar of Uskayaw.
    77 | D        | Found a radiant altar of Vehumet.
    78 | D        | Found an ornate altar of the Wu Jian Council.
    79 | D        | Found a shimmering altar of Xom.
    80 | D        | Found a basalt altar of Yredelemnul.
    81 | D        | Found a glowing silver altar of Zin.
    82 | D        | Found a glowing golden altar of the Shining One.
   106 | D        | Noticed a wraith
   106 | D        | Noticed a vampire mosquito
   106 | D        | Noticed a centaur
   106 | D        | Noticed a wraith
   106 | D        | Noticed a troll
   106 | D        | Noticed a troll
   108 | D        | Slain by a wraith

Illustrated notes

Levels and vault maps discovered:
D:        linesprint [early_d, line_temple, items_1, d_10, items_2, lair_1,
          lair_end, items_3, orc_1, orc_end, items_4, d_15, swamp_1, shoals_1,
          snake_1, spider_1, d_20, vaults_1, items_5, swamp_end, shoals_end,
          snake_end, spider_end, vaults_end, d_27, items_6, zot_1, zot_end,
          crypt_end, forest_end, elf_end, slime_end, tomb_end, abyss_end,
          pan_hell_end]

Skill      XL: |  1  2  3  4 |
---------------+-------------+-----
Polearms       | 5 8 9 |  9.8
Fighting       | 5 6 7 |  7.6
Armour         | 5 6 7 |  7.6
Shields        | |  3.6

Action                     |  1- 3 |  4- 6 || total
---------------------------+-------+-------++-------
  Melee: Trident           |    27 |     8 ||    35
         Headbutt          |     5 |     4 ||     9
    Use: Potion            |     1 |       ||     1
 Armour: Scale mail        |     3 |     1 ||     4
  Dodge: Dodged            |    13 |     1 ||    14
  Block: Buckler           |     1 |     1 ||     2
